 Seeded DCSS version 0.29.1 (webtiles) character file.

Game seed: 18446744073709551615 (custom seed)

6 GigaChad the Shield-Bearer (level 1, -2/20 HPs)
             Began as a Minotaur Fighter on Sept 13, 2022.
             Slain by a goblin
             ... wielding a +0 club
              (3 damage)
             ... on level 1 of the Dungeon.
             The game lasted 00:00:25 (104 turns).

GigaChad the Shield-Bearer (Minotaur Fighter)        Turns: 104, Time: 00:00:26

Health: -2/20      AC:  7    Str: 20    XL:     1   Next: 75%
Magic:  0/0        EV:  9    Int:  5    God:
Gold:   15         SH:  4    Dex:  9    Spells: 0/0 levels left

rFire   . . .      SeeInvis .   a - +0 long sword
rCold   . . .      Faith    .   c - +0 buckler
rNeg    . . .      Spirit   .   b - +0 scale mail
rPois   .          Reflect  .   (helmet restricted)
rElec   .          Harm     .   (no cloak)
rCorr   .          Rampage  .   (no gloves)
Will    .....                   (no boots)
Stlth   ..........              (no amulet)
HPRegen 0.06/turn               (no ring)
MPRegen 0.07/turn               (no ring)

@: no status effects
A: horns 2, retaliatory headbutt
a: no special abilities


You were on level 1 of the Dungeon.
You visited 1 branch of the dungeon, and saw 1 of its levels.

You collected 15 gold pieces.

Inventory:

Hand Weapons
 a - a +0 long sword (weapon)
Armour
 b - a +0 scale mail (worn)
 c - a +0 buckler (worn)
Scrolls
 e - 2 scrolls of identify {unknown}
Potions
 d - a potion of might


   Skills:
 + Level 3.7 Fighting
 + Level 2.4 Long Blades
 + Level 3.7 Armour
 + Level 4.0 Shields


You couldn't memorise any spells.
You didn't know any spells.
Your spell library contained the following spells:

 Spells                   Type           Power      Damage    Failure   Level
 Summon Guardian Golem    Hex/Summ       0%         N/A       99%         3
 Orb of Destruction       Conj           0%         9d5       100%        7
 Spellforged Servitor     Conj/Summ      0%         N/A       100%        7


Dungeon Overview and Level Annotations

Branches:
Dungeon (1/15)

Altars:


Innate Abilities, Weirdness & Mutations

You have a pair of horns on your head.
You reflexively headbutt those who attack you in melee.


Message History

Your headbutt misses the frilled lizard.
The hobgoblin hits you. The goblin hits you but does no damage.
The frilled lizard barely misses you.
You miss the frilled lizard.
Your headbutt misses the frilled lizard.
The hobgoblin hits you but does no damage.
The goblin hits you with a +0 club. The frilled lizard bites you.
You block the goblin's attack. You block the hobgoblin's attack.
The frilled lizard completely misses you.
The hobgoblin attacks as you move away! The hobgoblin closely misses you.
The goblin hits you but does no damage.
The frilled lizard bites you but does no damage.
You barely miss the hobgoblin. You block the hobgoblin's attack.
The goblin closely misses you. The frilled lizard bites you.
You closely miss the goblin. Your headbutt misses the goblin.
The hobgoblin hits you. The goblin barely misses you.
The frilled lizard closely misses you. The hobgoblin attacks as you move away!
The hobgoblin closely misses you.
The frilled lizard attacks as you move away!
You block the frilled lizard's attack. The goblin hits you with a +0 club.
You closely miss the hobgoblin. The hobgoblin barely misses you.
The goblin hits you but does no damage. The hobgoblin hits you.
* * * LOW HITPOINT WARNING * * *
The frilled lizard barely misses you. The goblin hits you but does no damage.
You closely miss the hobgoblin. The hobgoblin hits you.
* * * LOW HITPOINT WARNING * * *
You block the goblin's attack. The frilled lizard barely misses you.
You closely miss the hobgoblin. Your headbutt misses the hobgoblin.
The hobgoblin closely misses you. The goblin hits you with a +0 club.
* * * LOW HITPOINT WARNING * * *
The frilled lizard bites you.
* * * LOW HITPOINT WARNING * * *
You completely miss the hobgoblin. You headbutt the hobgoblin.
You kill the hobgoblin!
The goblin barely misses you. The frilled lizard barely misses you.
Your Shields skill increases to level 4!
The frilled lizard attacks as you move away!
The frilled lizard closely misses you. The goblin attacks as you move away!
The goblin hits you with a +0 club.
You die...

.....# .#. #.#... ...
##.#..# ..# # .....##.##
#. #.##..>..
#..##.##..#.#
#.#.$.....).#.#
#......@g.†...##... #.
###.###)l........# #. #.#
#####.######
##.######.#######.######
##....(..#.##...........#
#.....
#.#.##.###.........
#.....
#....#.....########
#.....##..#..........
#.........)#.###.###


You could see a goblin and a frilled lizard.

Vanquished Creatures
  A ball python (D:1)
  A goblin (D:1)
  A hobgoblin (D:1)
  A kobold (D:1)
  A rat (D:1)
5 creatures vanquished.

Notes
Turn   | Place    | Note
-------+----------+-------------------------------------------
     0 | D:1      | GigaChad the Minotaur Fighter began the quest for the Orb.
     0 | D:1      | Reached XP level 1. HP: 19/19 MP: 0/0
   100 | D:1      | HP: 1/20 [frilled lizard (1)]
   102 | D:1      | Reached skill level 4 in Shields
   104 | D:1      | Slain by a goblin

Illustrated notes

Levels and vault maps discovered:
D:1:      dpeg_arrival_brainrot, layout_loops_ring

Skill      XL: |  1 |
---------------+----+-----
Shields        | 4 |  4.0
Fighting       | |  3.7
Long Blades    | |  2.4
Armour         | |  3.7

Action                   || total
-------------------------++-------
Melee: Long sword        ||    17
       Headbutt          ||     2
Armor: Scale mail        ||    13
Dodge: Dodged            ||    18
Block: Buckler           ||     9
